 Dungeon Crawl Stone Soup version 0.31-a0-1002-g8e65716e6e (webtiles) character file.

Game seed: 16418259241538675678

70 Armakuni the Conjurer (level 4, 0/35 HPs)
             Began as a Human Wanderer on Nov 9, 2023.
             Was a Believer of Lugonu.
             Slain by an orc wizard
             ... wielding a +0 dagger
              (2 damage)
             ... on level 3 of the Dungeon.
             The game lasted 00:08:35 (1840 turns).

Armakuni the Conjurer (Human Wanderer)              Turns: 1840, Time: 00:08:36

Health: 0/35       AC:  6    Str: 11    XL:     4   Next: 45%
Magic:  8/8        EV: 10    Int: 13    God:    Lugonu [**....]
Gold:   118        SH:  0    Dex: 23    Spells: 8/9 levels left

rFire   + . .        a - +10 broad axe of Trial by Ordeal {flame, rC+ rN+ Will- Dex+8}
rCold   + . .        (no shield)
rNeg    + . .        l - +0 ring mail
rPois   .            k - +0 helmet
rElec   .            (no cloak)
rCorr   .            (no gloves)
SInv    .            (no boots)
Will    .....        (no amulet)
Stlth   +            L - ring of flight
HPRegen 0.25/turn    (no ring)
MPRegen 0.11/turn

%: no passive effects
@: enlightened, flying
A: fire resistance 1
a: Renounce Religion, Depart the Abyss, Banish


You were on level 3 of the Dungeon.
You worshipped Lugonu.
Lugonu was pleased with you.
You visited 1 branch of the dungeon, and saw 3 of its levels.

You collected 118 gold pieces.

Inventory:

Hand Weapons
 a - the +10 broad axe of Trial by Ordeal (weapon) {flame, rC+ rN+ Will- Dex+8}
   (You acquired it on level 1 of the Dungeon)

   Dex+8:     It affects your dexterity (+8).
   rC+:       It protects you from cold.
   rN+:       It protects you from negative energy.
   Will-:     It decreases your willpower.
 b - a +0 heavy sling
Armour
 d - a +0 robe
 k - a +0 helmet (worn)
 l - a +0 ring mail (worn)
Jewellery
 L - a ring of flight (left hand)
Scrolls
 c - 2 scrolls of fog
 e - 5 scrolls of teleportation
 f - a scroll of silence
 g - a scroll of identify
Potions
 h - a potion of mutation
 i - a potion of enlightenment
 j - a potion of attraction


   Skills:
 - Level 3.0 Fighting
 + Level 2.3 Axes
 + Level 0.2 Armour
 + Level 0.1 Dodging
 - Level 3.0 Spellcasting
 - Level 3.0 Conjurations
 - Level 2.4 Air Magic
 - Level 1.0 Evocations


You had 8 spell levels left.
You knew the following spells:

 Your Spells              Type           Power      Damage    Failure   Level
z - Shock                 Conj/Air       36%        1d5       19%         1

Your spell library contained the following spells:

 Spells                   Type           Power      Damage    Failure   Level
 Momentum Strike          Conj/Tloc      10%        3d8       41%         2
 Mephitic Cloud           Conj/Pois/Air  6%         N/A       63%         3
 Gell's Gravitas          Tloc           1%         N/A       86%         3
 Teleport Other           Tloc           1%         N/A       86%         3
 Dispersal                Tloc           0%         N/A       100%        6


Dungeon Overview and Level Annotations

Branches:
Dungeon (3/15)

Altars:
Lugonu


Innate Abilities, Weirdness & Mutations

Your flesh is heat resistant. (rF+)


Message History

The goblin shoots a sling bullet.
The sling bullet closely misses you.
An orc comes into view. It is wielding a +0 hand axe.
You bump into the rock wall.
Something hits you but does no damage.
The goblin shoots a sling bullet.
The sling bullet closely misses you.
An orc comes into view. It is wielding a +0 hand axe.
You miss something. Something hits you but does no damage.
You hear some strange, mumbled words.
A puff of flame appears from out of thin air!
The puff of flame misses you.
You are too confused!
Okay, then.
Okay, then.
Okay, then.
You bump into the rock wall.
You hear some strange, mumbled words.
A magic dart appears from out of thin air!
The magic dart hits you!
You are too confused!
You bump into the rock wall.
The orc hits you with a +0 hand axe.
* * * LOW HITPOINT WARNING * * *
Something hits you.
* * * LOW HITPOINT WARNING * * *
It was a potion of mutation.
You feel extremely strange.
You feel clever.
You feel stupid.
You feel resistant to heat. The orc hits you but does no damage.
You hear some strange, mumbled words.
A magic dart appears from out of thin air!
The magic dart hits you.
* * * LOW HITPOINT WARNING * * *
Okay, then.
Unknown command.
It was a potion of enlightenment.
You feel more buoyant. The orc barely misses you. Something hits you.
* * * LOW HITPOINT WARNING * * *
It was a potion of curing.
You feel better. The orc hits you with a +0 hand axe.
* * * LOW HITPOINT WARNING * * *
Something hits you.
You die...

#.#.........#
#.#.#######.#
##.#.#
#.######
..#.#
#....<..
#.#.#
#######.
#.#.#######
#.........)
#.#.#######
#@{.# #o###
#.go ......
#.......
##.....##
##...## ##.##


You could see 2 orcs and a goblin.

Vanquished Creatures
  3 dart slugs
  2 orcs (D:3)
  3 ball pythons
  5 endoplasms
  A giant cockroach (D:1)
  7 goblins
  8 hobgoblins
  7 jackals (D:2)
  2 kobolds (D:1)
  9 bats
  3 frilled lizards
  4 rats
54 creatures vanquished.

Notes
Turn   | Place    | Note
-------+----------+-------------------------------------------
     0 | D:1      | Armakuni the Human Wanderer began the quest for the Orb.
     0 | D:1      | Armakuni set off with the following items: a +0 dagger, a
                  | potion of attraction, a scroll of fog, a +0 robe, a scroll
                  | of teleportation; and the following spell memorised: Shock;
                  | and the following spells available to memorise: Momentum
                  | Strike, Mephitic Cloud.
     0 | D:1      | Reached XP level 1. HP: 18/18 MP: 4/4
    69 | D:1      | Reached skill level 1 in Air Magic
   160 | D:1      | Reached XP level 2. HP: 20/24 MP: 1/6
   335 | D:1      | Found a faded altar of an unknown god.
   442 | D:1      | Prayed at the altar of an unknown god.
   442 | D:1      | Became a worshipper of Lugonu the Unformed
   442 | D:1      | Reached * piety under Lugonu
   520 | D:1      | Reached XP level 3. HP: 25/29 MP: 7/7
   604 | D:1      | Identified a scroll of acquirement
   605 | D:1      | Acquired the +10 broad axe of Trial by Ordeal {flame, rC+
                  | rN+ Will- Dex+8}
  1096 | D:2      | Reached skill level 1 in Axes
  1382 | D:2      | Reached XP level 4. HP: 34/35 MP: 8/8
  1561 | D:2      | Reached ** piety under Lugonu
  1838 | D:3      | Gained mutation: Your mind is acute. (Int +4, Str/Dex -1)
                  | [potion of mutation]
  1838 | D:3      | Lost mutation: Your mind is acute. (Int +4, Str/Dex -1)
                  | [potion of mutation]
  1838 | D:3      | Gained mutation: Your flesh is heat resistant. (rF+)
                  | [potion of mutation]
  1839 | D:3      | HP: 1/35 [something (1)]
  1840 | D:3      | Slain by an orc wizard

Illustrated notes

Levels and vault maps discovered:
D:1:      dpeg_arrival_morbid_curiosity, layout_basic,
          chequers_ecumenical_altar_simple_redux, nrook_campfire, st_stairs_8
D:2:      layout_loops_ring
D:3:      layout_loops_ring, mainiacjoe_overflow_alcove_1

Skill      XL: |  1  2  3  4 |
---------------+-------------+-----
Air Magic      | 1 2 |  2.4
Axes           | 1 2 |  2.3
Fighting       | |  3.0
Armour         | |  0.2
Dodging        | |  0.1
Spellcasting   | |  3.0
Conjurations   | |  3.0
Evocations     | |  1.0

Action                     |  1- 3 |  4- 6 || total
---------------------------+-------+-------++-------
  Melee: Dagger            |     1 |       ||     1
         Mace              |    10 |       ||    10
         Broad axe         |    28 |    28 ||    56
   Fire: Sling             |    11 |       ||    11
   Cast: Shock             |    27 |       ||    27
    Use: Scroll            |     3 |       ||     3
         Potion            |       |     3 ||     3
   Stab: Sleeping          |     1 |       ||     1
 Armour: Robe              |    32 |     3 ||    35
         Ring mail         |       |    29 ||    29
  Dodge: Dodged            |    54 |    15 ||    69

Table legend: (Time is in decaauts)
 A = Elapsed time spent in this place.
 B = Non-inter-level travel time spent in this place.
 C = Inter-level travel time spent in this place.
 D = Time resting spent in this place.
 E = Time spent auto-exploring this place.
 F = Levels seen in this place.
 G = Mean time per level.
                   A        B        C        D        E       F      G
               +--------+--------+--------+--------+--------+-----+--------+
         Total |   1882 |   1772 |    110 |    211 |   1141 |   3 |  627.3 |
       Dungeon |   1882 |   1772 |    110 |    211 |   1141 |   3 |  627.3 |
               +--------+--------+--------+--------+--------+-----+--------+

Top non-repeatable levels by time:
     D:1: 1097 daAuts
     D:2: 732 daAuts
     D:3: 52 daAuts
